 Dungeon Crawl Stone Soup version 0.31-a0-1370-gf52a5a9ab3 (webtiles) character file.

Game seed: 10347522878663097893

24581 Laraso the Bludgeoner (level 13, -4/127 HPs)
             Began as an Oni Cinder Acolyte on Dec 23, 2023.
             Was a High Priest of Ignis.
             Slain by an elephant (16 damage)
             ... on level 4 of the Lair of Beasts.
             The game lasted 00:41:18 (18271 turns).

Laraso the Bludgeoner (Oni Cinder Acolyte)         Turns: 18271, Time: 00:41:18

Health: -4/127     AC:  4    Str: 21    XL:     13   Next: 14%
Magic:  24/26      EV: 10    Int: 19    God:    Ignis [*****.]
Gold:   814        SH:  0    Dex: 10    Spells: 7/18 levels left

rFire   + . .        a - +1 giant spiked club (heavy)
rCold   . . .        (shield currently unavailable)
rNeg    . . .        u - +0 robe
rPois   .            (helmet restricted)
rElec   .            p - +0 cloak
rCorr   .            (gloves unavailable)
SInv    .            (boots unavailable)
Will    +....        g - amulet of regeneration
Stlth   +            F - ring of magical power
HPRegen 1.21/turn    t - +6 ring of dexterity
MPRegen 0.20/turn

%: no passive effects
@: unable to call your familiar, very slightly contaminated
A: large, unfitting armour, horns 1, tough skin 1, double potion healing,
drunken brawling
a: Renounce Religion, Fiery Armour, Foxfire Swarm, Rising Flame


You were on level 4 of the Lair of Beasts.
You worshipped Ignis.
Ignis was extremely pleased with you.
You visited 2 branches of the dungeon, and saw 15 of its levels.
You also visited: Ossuary.

You collected 1115 gold pieces.
You spent 301 gold pieces at shops.

Inventory:

Hand Weapons
 a - a +1 heavy giant spiked club (weapon)
 b - a +5 flail of venom
Missiles
 O - a throwing net
Armour
 p - a +0 cloak (worn)
 u - a +0 robe (worn)
Jewellery
 g - an amulet of regeneration (around neck)
 t - a +6 ring of dexterity (right hand)
 F - a ring of magical power (left hand)
 I - a ring of willpower
 J - a ring of ice
 L - a ring of flight
Wands
 m - a wand of charming (19)
 C - a wand of roots (4)
Scrolls
 f - 5 scrolls of vulnerability
 h - 6 scrolls of enchant armour
 i - 3 scrolls of teleportation
 k - 3 scrolls of noise
 n - a scroll of fear
 o - 2 scrolls of blinking
 s - a scroll of silence
 w - a scroll of immolation
 y - 2 scrolls of poison
 B - 2 scrolls of revelation
 D - a scroll of torment
 H - a scroll of amnesia
Potions
 d - 3 potions of enlightenment
 e - 3 potions of lignification
 j - 5 potions of might
 l - a potion of cancellation {unknown}
 q - 2 potions of invisibility
 r - a potion of ambrosia {unknown}
 x - 2 potions of attraction
 z - a potion of magic
 A - 2 potions of resistance
 E - a potion of degeneration {unknown}
 G - 2 potions of haste
 K - 2 potions of mutation {unknown}
 N - a potion of berserk rage {unknown}
Miscellaneous
 M - a phial of floods (inert)


   Skills:
 - Level 8.0 Fighting
 + Level 18.6 Maces & Flails
 - Level 3.0 Armour
 - Level 3.0 Dodging
 - Level 3.0 Spellcasting
 * Level 5.9 Summonings
 * Level 1.1 Translocations
 - Level 4.0 Fire Magic
 - Level 2.0 Evocations


You had 7 spell levels left.
You knew the following spells:

 Your Spells              Type           Power      Damage    Failure   Level
a - Call Canine Familiar  Summ           25%        N/A       4%          3
b - Scorch                Fire           36%        2d6       4%          2
c - Summon Small Mammal   Summ           100%       N/A       1%          1
d - Summon Forest         Summ/Tloc      8%         N/A       69%         5

Your spell library contained the following spells:

 Spells                   Type           Power      Damage    Failure   Level
 Summon Guardian Golem    Hex/Summ       14%        N/A       14%         3
 Stone Arrow              Conj/Erth      4%         3d7       41%         3
 Tukima's Dance           Hex            2%         N/A       41%         3
 Animate Armour           Summ/Erth      28%        N/A       41%         4
 Dimensional Bullseye     Hex/Tloc       2%         N/A       77%         4
 Iskenderun's Mystic Bla  Conj/Tloc      5%         2d3       77%         4
 Summon Mana Viper        Hex/Summ       14%        N/A       77%         5
 Summon Cactus Giant      Summ           12%        N/A       91%         6
 Lehudib's Crystal Spear  Conj/Erth      1%         10d2      100%        8


Dungeon Overview and Level Annotations

Branches:
Dungeon (11/15)            Temple (0/1) D:5            Lair (4/5) D:11
 Shoals (0/4) Lair:2        Snake (0/4) Lair:2      Ossuary (visited)
  Slime: Lair:4-5       Orc: D:9-12

Altars:
Ashenzari
Dithmenos
Elyvilon
Makhleb
Okawaru
Ru
Wu Jian
Zin

Shops:
D:2 *   D:7 *   D:8 ?


Innate Abilities, Weirdness & Mutations

You are too large for most types of armour.
You have a pair of small horns on your head.
You have tough skin. (AC +1)
You gain doubled healing and magic from potions.
Whenever you drink a healing potion, you attack all around you.


Message History

The cane toad poisons you!
An elephant comes into view.
The cane toad closely misses you. The elephant tramples your inugami!
Your inugami holds its ground!
Your inugami dies!
Your inugami disappears in a puff of smoke!
Your Translocations skill increases to level 1!
You closely miss the cane toad. You headbutt the cane toad.
The cane toad is lightly wounded.
You feel extremely sick. The cane toad stings you!
You are more poisoned.
The cane toad poisons you! The cane toad stings you!
You are more poisoned.
The cane toad poisons you!
You take a swig of the potion and twirl your +1 heavy giant spiked club.
You hit the cane toad but do no damage.
The cane toad is lightly wounded.
You flatten the elephant like a pancake!!!
The elephant is severely wounded.
You savour every drop.
You feel better.
You hear a trumpeting!
The cane toad closely misses you.
As you read the scroll of fear, it crumbles to dust.
You assume a fearsome visage.
The cane toad looks frightened!
The elephant resists with some effort. x2; The elephant looks frightened!
The elephant barely misses you.
The elephant trunk-slaps you but does no damage.
Okay, then.
As you read the scroll of torment, it crumbles to dust.
Your body is wracked with pain!
* * * LOW HITPOINT WARNING * * *
The elephant convulses! x2; The cane toad convulses!
Your attack snaps the cane toad out of its fear.
The elephant convulses!
Your attack snaps the elephant out of its fear.
The elephant tramples you!!
* * * LOW HITPOINT WARNING * * *
You stumble backwards!
The elephant tramples you!
You die...

## ..? ####..##
####...#+.##
#..........##
#..........#
#@.........#
#YY.......##
#..##.F..†.....#
#.......<....##
#.##....Y....##
#....>.......P#
####.........##
#..####.P###
##P# ...P#


You could see 3 elephants and a cane toad.

Vanquished Creatures
  A nameless horror (Lair:4)
  Snorg (Lair:3)
  A hydra (Lair:2)
  A two-headed ogre (D:10)
  3 skeletal warriors
  Pikel (D:8)
  An ugly thing (D:11)
  5 black mambas
  2 elephants (Lair:4)
  3 cane toads
  A gargoyle (D:11)
  A rime drake (Lair:3)
  A kobold demonologist (D:8)
  5 komodo dragons
  3 merfolk (Lair:2)
  A troll (D:9)
  2 wraiths
  2 shadows (D:10)
  21 yaks
  7 wyverns
  2 steam dragons
  3 fire bats (Lair:3)
  3 basilisks
  Menkaure (D:7)
  A naga (Lair:2)
  19 water moccasins
  2 ice beasts (D:7)
  A sky beast (D:6)
  2 orc warriors (D:9)
  3 black bears
  13 wolves
  An ogre (D:5)
  9 centaurs
  A phantom (D:5)
  A lemure (D:8)
  2 kobold brigands
  14 bullfrogs
  A gnoll sergeant (D:8)
  3 water moccasin zombies (Ossuary)
  4 scorpions
  3 wights (D:9)
  The ghost of Laraso the Trooper, a weakling OnCA of Ignis (D:3)
  A burial acolyte (Ossuary)
  8 killer bees
  2 howler monkeys
  A jelly (D:7)
  8 orc priests
  A spectral scorpion (Ossuary)
  A hound (D:7)
  4 sleepcaps
  Terence (D:2)
  Natasha (thrice) (D:5)
  5 iguanas
  9 orc wizards
  Ijyb (D:3)
  A bullfrog simulacrum (Ossuary)
  2 mummies (Ossuary)
  4 gnolls
  11 adders
  2 bombardier beetles
  2 shadow imps
  2 ufetubi (D:6)
  5 adder zombies (Ossuary)
  6 worms
  A dart slug (D:2)
  37 orcs
  3 ball pythons
  7 endoplasms
  5 giant cockroaches
  10 goblins
  8 hobgoblins
  4 jackals (D:1)
  10 kobolds
  5 quokkas
  5 bats
  5 frilled lizards
  9 gnoll zombies (Ossuary)
  4 jackal zombies (Ossuary)
  2 orc zombies (Ossuary)
  2 rats
  A butterfly (Lair:1)
351 creatures vanquished.

Vanquished Creatures (collateral kills)
  A bullfrog (Lair:3)
1 creature vanquished.

Vanquished Creatures (others)
  2 yaks (Lair:1)
2 creatures vanquished.

Grand Total: 354 creatures vanquished

Notes
Turn   | Place    | Note
-------+----------+-------------------------------------------
     0 | D:1      | Laraso the Oni Cinder Acolyte began the quest for the Orb.
     0 | D:1      | Reached XP level 1. HP: 24/24 MP: 2/2
    74 | D:1      | Reached XP level 2. HP: 33/33 MP: 2/4
   512 | D:1      | Reached XP level 3. HP: 40/41 MP: 5/5
   759 | D:1      | Learned a level 2 spell: Scorch
   801 | D:2      | Found a sacrificial altar of Ru.
   808 | D:2      | Reached skill level 5 in Fighting
  1259 | D:2      | Found Ymeyc's Assorted Antiques.
  1267 | D:2      | Bought a scroll of identify for 48 gold pieces
  1273 | D:2      | Reached XP level 4. HP: 50/50 MP: 0/7
  2157 | D:3      | Noticed Terence
  2158 | D:3      | Noticed Natasha
  2213 | D:2      | Killed Terence
  2344 | D:3      | Reached XP level 5. HP: 53/57 MP: 3/9
  2412 | D:3      | Reached skill level 4 in Maces & Flails
  2482 | D:3      | Found a faded altar of an unknown god.
  2517 | D:3      | Noticed Ijyb
  2534 | D:3      | Killed Ijyb
  2897 | D:3      | Identified the +6 hand axe of Blood {drain, rF++ Str+4
                  | Dex-4 SInv}
  2900 | D:3      | Found a runed translucent gate.
  2901 | D:3      | Found a runed translucent gate.
  2901 | D:3      | Noticed Laraso's ghost (weakling OnCA)
  2902 | D:3      | Found a runed translucent gate.
  3006 | D:3      | Reached XP level 6. HP: 66/66 MP: 5/10
  3476 | D:3      | Killed Laraso's ghost
  3477 | D:3      | Reached skill level 5 in Maces & Flails
  3893 | D:4      | Reached skill level 6 in Maces & Flails
  3893 | D:4      | Reached XP level 7. HP: 57/72 MP: 1/11
  4424 | D:4      | Reached skill level 7 in Maces & Flails
  4889 | D:4      | Found a broken altar of Ashenzari.
  5079 | D:5      | Entered Level 5 of the Dungeon
  5084 | D:5      | Found a staircase to the Ecumenical Temple.
  5203 | D:5      | Reached XP level 8. HP: 75/80 MP: 12/12
  5223 | D:5      | Reached skill level 8 in Maces & Flails
  5283 | D:5      | Found an ornate altar of the Wu Jian Council.
  5312 | D:5      | Found a burning altar of Makhleb.
  5403 | D:5      | Killed Natasha
  5627 | D:5      | Noticed Natasha
  5635 | D:5      | Killed Natasha
  5638 | D:5      | Reached skill level 9 in Maces & Flails
  5873 | D:5      | Noticed Natasha
  5876 | D:5      | Killed Natasha
  6227 | D:6      | Reached skill level 10 in Maces & Flails
  6276 | D:6      | Found a sand-covered staircase.
  6305 | Ossuary  | Entered an ossuary
  6467 | Ossuary  | Reached skill level 1 in Armour
  6467 | Ossuary  | Reached skill level 1 in Dodging
  6467 | Ossuary  | Reached XP level 9. HP: 85/88 MP: 2/13
  7403 | D:7      | Found Xaygeuck's Overcharged Wands.
  7753 | D:7      | Found an iron altar of Okawaru.
  8142 | D:7      | Noticed Menkaure
  8146 | D:7      | Killed Menkaure
  8317 | D:7      | Noticed a gargoyle
  8318 | D:7      | Noticed a gargoyle
  8318 | D:7      | Noticed a troll
  8318 | D:7      | Noticed a two-headed ogre
  8318 | D:7      | Noticed a gargoyle
  8319 | D:7      | Noticed a manticore
  8324 | D:7      | Found a white marble altar of Elyvilon.
  8325 | D:7      | Found a glowing silver altar of Zin.
  8329 | D:7      | Reached skill level 11 in Maces & Flails
  8678 | D:8      | Found Dulasa's Magic Scroll Boutique.
  8687 | D:8      | Bought a scroll of identify for 26 gold pieces
  8687 | D:8      | Bought a scroll of brand weapon for 123 gold pieces
  8687 | D:8      | Bought a scroll of identify for 26 gold pieces
  8687 | D:8      | Bought a scroll of teleportation for 39 gold pieces
  8687 | D:8      | Bought a scroll of teleportation for 39 gold pieces
  8950 | D:8      | Noticed Pikel
  8966 | D:8      | Killed Pikel
  8967 | D:8      | Reached XP level 10. HP: 89/104 MP: 7/14
  9091 | D:8      | Reached skill level 12 in Maces & Flails
  9109 | D:8      | Found a sacrificial altar of Ru.
  9289 | D:8      | Found an iron altar of Okawaru.
  9443 | D:9      | Noticed a kobold demonologist
  9446 | D:9      | Noticed an orange demon
  9450 | D:8      | Killed a kobold demonologist
  9901 | D:9      | Found a shadowy altar of Dithmenos.
 10258 | D:9      | Reached skill level 1 in Evocations
 10337 | D:9      | Reached skill level 13 in Maces & Flails
 10904 | D:10     | Entered Level 10 of the Dungeon
 11464 | D:9      | Reached XP level 11. HP: 60/111 MP: 15/15
 11517 | D:9      | Reached skill level 14 in Maces & Flails
 11732 | D:10     | Noticed a two-headed ogre
 11737 | D:10     | Killed a two-headed ogre
 12386 | D:11     | Noticed a cyan ugly thing
 12395 | D:11     | Killed a cyan ugly thing
 12525 | D:11     | Reached skill level 15 in Maces & Flails
 12881 | D:11     | Noticed a skeletal warrior
 12906 | D:11     | Killed a skeletal warrior
 12981 | D:11     | Noticed a skeletal warrior
 12981 | D:11     | Noticed a skeletal warrior
 13002 | D:10     | HP: 3/111 [skeletal warrior/+0 war axe (13)]
 13007 | D:10     | Killed a skeletal warrior
 13158 | D:11     | Found a staircase to the Lair.
 13171 | D:11     | Killed a skeletal warrior
 13409 | Lair:1   | Entered Level 1 of the Lair of Beasts
 13593 | Lair:1   | Reached skill level 16 in Maces & Flails
 13894 | Lair:1   | Reached XP level 12. HP: 116/119 MP: 15/16
 14215 | Lair:1   | Reached skill level 17 in Maces & Flails
 14714 | Lair:1   | Learned a level 3 spell: Call Canine Familiar
 14838 | Lair:2   | Noticed an eight-headed hydra
 14889 | Lair:2   | Noticed a seven-headed hydra
 14918 | Lair:1   | Reached skill level 1 in Summonings
 15586 | Lair:2   | Found a staircase to the Snake Pit.
 16147 | Lair:3   | Noticed a six-headed hydra
 16258 | Lair:3   | Reached skill level 18 in Maces & Flails
 16283 | Lair:3   | Noticed a five-headed hydra
 16327 | Lair:2   | Found a staircase to the Shoals.
 16816 | Lair:2   | Noticed a five-headed hydra
 16825 | Lair:2   | Killed a five-headed hydra
 17114 | Lair:2   | HP: 5/119 [merfolk/+0 trident (13)]
 17292 | Lair:2   | You fall into a shaft and drop 1 floor!
 17507 | Lair:3   | Learned a level 1 spell: Summon Small Mammal
 17513 | Lair:3   | Learned a level 5 spell: Summon Forest
 17866 | Lair:3   | Reached XP level 13. HP: 120/127 MP: 17/17
 17874 | Lair:3   | Reached skill level 5 in Summonings
 17987 | Lair:3   | Noticed Snorg
 17997 | Lair:3   | Killed Snorg
 18255 | Lair:4   | Noticed a nameless horror
 18258 | Lair:4   | Killed a nameless horror
 18268 | Lair:4   | Reached skill level 1 in Translocations
 18271 | Lair:4   | Slain by an elephant

Illustrated notes

Levels and vault maps discovered:
D:1:      dpeg_arrival_simpleton_a, layout_basic,
          wander_ebering_terrifying_dragon_lair
D:2:      layout_basic, serial_shops, nicolae_shop_trees, basic_altar,
          kennysheep_donut
D:3:      layout_rooms, biasface_ghost_orc_armoury, basic_ecumenical_altar,
          uniq_terence, uniq_ijyb, uniq_natasha
D:4:      minmay_octagon_keep, layout_basic, evilmike_ruin_ashenzari,
          nicolae_half_adder
D:5:      layout_rooms, bloody_makhleb, nzn_wu_jian_contemplation,
          minmay_temple_entry_statues_fountains
D:6:      layout_rooms, lightli_ossuary_entry_decrepit_ruins,
          hangedman_decor_push
D:7:      minmay_the_grid_octo_2x2 [minmay_the_grid_octo_fat_diamond,
          minmay_the_grid_octo_vomiting_pacman, minmay_the_grid_octo_fan_narrow,
          minmay_the_grid_octo_prize_big_c], layout_rooms,
          gammafunk_temple_overflow_statue, nicolae_shop_overcharged_wands,
          uniq_menkaure
D:8:      layout_loops_cross, lemuel_coloured_pillars_altar,
          nicolae_ru_awakened_eye, serial_shops, shop_coins,
          minmay_misc_feat_pillars, st_stairs_1, minmay_misc_feat_x, uniq_pikel
D:9:      layout_roguey, grunt_dithmenos_smoke, serial_aquarium,
          aquarium_bridge_island_small [aquarium_subvault_small_open,
          aquarium_subvault_window, aquarium_subvault_bridge,
          aquarium_subvault_bridge, aquarium_subvault_window],
          aquarium_bridge_straight [aquarium_subvault_bridge,
          aquarium_subvault_wall, aquarium_subvault_bridge,
          aquarium_subvault_wall], aquarium_window_corridor_3,
          aquarium_window_1, aquarium_window_2, aquarium_view_2d,
          aquarium_view_2d, aquarium_pool_2, abandoned_shop,
          nicolae_letterblocks [nicolae_letter_subblock,
          nicolae_letter_subblock, nicolae_letter_subblock,
          nicolae_letter_subblock, nicolae_letter_subblock,
          nicolae_letter_subblock, nicolae_letter_subblock,
          nicolae_letter_subblock, nicolae_letter_subblock,
          nicolae_letter_subblock, nicolae_letter_subblock,
          nicolae_letter_subblock, nicolae_letter_subblock,
          nicolae_letter_subblock, nicolae_letter_subblock,
          nicolae_letter_subblock, nicolae_letter_subblock,
          nicolae_letter_subblock, nicolae_letter_subblock,
          nicolae_letter_subblock, nicolae_letter_subblock,
          nicolae_letter_subblock, nicolae_letter_subblock,
          nicolae_letter_subblock, nicolae_letter_subblock]
D:10:     layout_cave_pods
D:11:     layout_long_grid, lair_entry_dummy, feat_on_display
Lair:1:   layout_roguey, lemuel_fruit_fields
Lair:2:   layout_small_grid, elwin_shoals_entry_stream,
          guppyfry_snake_entry_island, chequers_serial_rivers_small_3,
          beast_lair_carwin_4
Lair:3:   layout_concentric_octagons, nicolae_volcano_entry_batcave,
          minmay_shattered_shrine, grunt_megastairs_5, uniq_snorg
Lair:4:   layout_roguey, nicolae_slime_entry_field_trip

Skill      XL: |  1  2  3  4  5  6  7  8  9 10 11 12 13 |
---------------+----------------------------------------+-----
Fire Magic     | 3 4 |  4.0
Spellcasting   | 2 3 |  3.0
Fighting       | 5 8 |  8.0
Maces & Flails | 4 6 7 10 11 13 16 18 | 18.6
Armour         | 1 3 |  3.0
Dodging        | 1 3 |  3.0
Evocations     | 2 |  2.0
Summonings     | 4 5 |  5.9
Translocations | 1 |  1.1

Action                     |  1- 3 |  4- 6 |  7- 9 | 10-12 | 13-15 || total
---------------------------+-------+-------+-------+-------+-------++-------
  Melee: Mace              |    95 |    28 |       |       |       ||   123
         Headbutt          |    10 |     9 |    28 |    59 |     8 ||   114
         Punch             |       |     3 |     4 |     5 |       ||    12
         Flail             |       |    20 |   180 |   314 |    16 ||   530
         Giant spiked club |       |       |       |    94 |    13 ||   107
   Cast: Scorch            |    13 |    77 |   166 |   151 |       ||   407
         Call Canine Famil |       |       |       |    17 |     8 ||    25
         Summon Small Mamm |       |       |       |       |     1 ||     1
  Evoke: Wand              |       |       |     2 |    41 |       ||    43
         Phial of floods   |       |       |       |     1 |       ||     1
    Use: Scroll            |     6 |     1 |    10 |    14 |     2 ||    33
         Potion            |       |     1 |       |    11 |     3 ||    15
   Stab: Distracted        |       |       |       |       |     1 ||     1
 Armour: Robe              |    67 |    86 |   205 |   506 |    48 ||   912
  Dodge: Dodged            |    60 |    45 |   111 |   233 |    12 ||   461

Table legend: (Time is in decaauts)
 A = Elapsed time spent in this place.
 B = Non-inter-level travel time spent in this place.
 C = Inter-level travel time spent in this place.
 D = Time resting spent in this place.
 E = Time spent auto-exploring this place.
 F = Levels seen in this place.
 G = Mean time per level.
                   A        B        C        D        E       F      G
               +--------+--------+--------+--------+--------+-----+--------+
         Total |  18286 |  17653 |    633 |   5515 |   8611 |  16 | 1142.9 |
       Dungeon |  12922 |  12550 |    372 |   3502 |   6898 |  11 | 1174.7 |
          Lair |   4840 |   4579 |    261 |   1675 |   1674 |   4 | 1210.0 |
       Ossuary |    524 |    524 |      0 |    337 |     39 |   1 |  524.0 |
               +--------+--------+--------+--------+--------+-----+--------+

Top non-repeatable levels by time:
  Lair:1: 2153 daAuts
     D:9: 1942 daAuts
     D:2: 1625 daAuts
  Lair:2: 1519 daAuts
     D:4: 1497 daAuts
     D:3: 1174 daAuts
     D:7: 1132 daAuts
  Lair:3: 1049 daAuts
     D:8: 1025 daAuts
    D:10: 976 daAuts
     D:5: 948 daAuts
    D:11: 921 daAuts
     D:6: 861 daAuts
     D:1: 817 daAuts
 Ossuary: 524 daAuts
